 Dungeon Crawl Stone Soup version 0.17-a0-877-ga10078a (webtiles) character file.

371 hornqvist the Shield-Bearer (level 7, -1/55 HPs)
             Began as a Formicid Fighter on Apr 30, 2015.
             Killed by divine providence
             ... invoked by an orc priest
              (13 damage)
             ... on level 3 of the Dungeon.
             The game lasted 00:01:42 (2215 turns).

hornqvist the Shield-Bearer (Formicid Fighter)      Turns: 2215, Time: 00:01:43

Health: -1/55      AC:  6    Str: 22    XL:     7   Next: 2%
Magic:  7/7        EV:  9    Int:  8    God:
Gold:   95         SH: 10    Dex: 10    Spells: 0 memorised, 6 levels left

rFire  . . .     SeeInvis +     a - +0 war axe
rCold  . . .     Clarity  .     b - +0 scale mail
rNeg   . . .     SustAb   .     c - +0 shield
rPois  .         Gourm    .     (helmet unavailable)
rElec  .         Spirit   .     (no cloak)
rCorr  .         Warding  .     (no gloves)
rMut   .         Stasis   +     (no boots)
MR     .....                    (no amulet)
Stlth  ..........               (no ring)
                                (no ring)

@: not resistant to hostile enchantments, extremely unstealthy
A: permanent stasis, dig shafts and tunnels, four strong arms, antennae 3
a: Dig, Shaft Self


You were on level 3 of the Dungeon.
You were hungry.

You visited 1 branch of the dungeon, and saw 3 of its levels.

You collected 95 gold pieces.

Inventory:

Hand weapons
 a - a +0 war axe (weapon)
Armour
 b - a +0 scale mail (worn)
 c - a +0 shield (worn)
Jewellery
 k - an uncursed amulet of inaccuracy
 n - a +5 ring of strength {unknown}
 o - an uncursed amulet of clarity {unknown}
Scrolls
 d - a scroll of recharging
 f - a scroll of magic mapping
 r - a scroll of identify
Potions
 h - 3 potions of lignification {unknown}
 i - 2 potions of haste {unknown}
 j - a potion of flight {unknown}
 l - 2 potions of cancellation {unknown}
 p - a potion of brilliance {unknown}
 q - a potion of cure mutation {unknown}
 s - a potion of mutation {unknown}
Comestibles
 e - 3 bread rations
 g - 3 meat rations
 m - a fruit


   Skills:
 + Level 4.4 Fighting
 * Level 4.4 Axes
 - Level 3.2 Armour
 + Level 2.5 Dodging
 + Level 5.2 Shields


You had 6 spell levels left.
You didn't know any spells.

Dungeon Overview and Level Annotations

Branches:
Dungeon (3/15)

Altars:
The Shining One


Innate Abilities, Weirdness & Mutations

You are under a permanent stasis effect.
You can dig through walls and to a lower floor.
Your four strong arms can wield two-handed weapons with a shield.
You have a pair of large antennae on your head (SInv).


Message History

The orc wizard seems to speed up.
You slash the orc wizard!
You kill the orc wizard!
You have reached level 7!
The orc closely misses you.
You barely miss the orc.
The orc priest mumbles some strange prayers to Beogh against you.
Something smites you!
* * * LOW HITPOINT WARNING * * *
The orc barely misses you.
You take 12 damage, and have 21/55 hp.
MASSIVE DAMAGE!!
MP restored: 7 You slash the orc!
You kill the orc!
The orc priest calls down the wrath of Beogh upon you.
Pain shoots through your body!
* * * LOW HITPOINT WARNING * * *
The orc priest invokes the aid of Beogh against you.
Something smites you!
You die...

..# #.# ##.## . #...# ...
#...# ... #...# ..
#####.>.##### #
#...##.####...........###
......o)@................
##.###.####...........#..
# #####...#.#...#
#...#...### #...###...#
#...# #<#.. ########.##
#.#.. .. ....#.####.#..
#. #..#.#.##.#.#


You could see an orc priest.

Vanquished Creatures
  Grinder (D:3)
  A water moccasin zombie (D:3)
  An orc wizard (D:3)
  2 adders
  An ooze (D:1)
  2 worms (D:2)
  An adder skeleton (D:3)
  2 giant geckos
  2 orcs (D:3)
  5 bats
  4 goblins
  7 hobgoblins
  6 kobolds
  A quokka (D:3)
  2 giant cockroaches (D:2)
  4 giant newts
  7 jackals
  3 rats
52 creatures vanquished.

Notes
Turn   | Place    | Note
--------------------------------------------------------------
     0 | D:1      | hornqvist, the Formicid Fighter, began the quest for the Orb.
     0 | D:1      | Reached XP level 1. HP: 18/18 MP: 1/1
   106 | D:1      | Reached XP level 2. HP: 22/24 MP: 2/2
   377 | D:1      | Reached skill level 4 in Shields
   637 | D:2      | Reached XP level 3. HP: 10/29 MP: 3/3
   644 | D:2      | Reached skill level 1 in Dodging
  1502 | D:2      | Reached XP level 4. HP: 35/35 MP: 4/4
  1857 | D:3      | Noticed Grinder
  1882 | D:3      | Killed Grinder
  1882 | D:3      | Reached skill level 5 in Shields
  1882 | D:3      | Reached XP level 5. HP: 23/42 MP: 5/5
  1882 | D:3      | Reached XP level 6. HP: 26/48 MP: 6/6
  1968 | D:3      | Found a glowing golden altar of the Shining One.
  2213 | D:3      | Reached XP level 7. HP: 37/55 MP: 7/7
  2215 | D:3      | Killed from afar by an orc priest

Action                   |  1- 3 |  4- 6 |  7- 9 || total
-------------------------+-------+-------+-------++-------
Melee: War axe           |    99 |    88 |     2 ||   189
  Use: Scroll            |     7 |       |       ||     7
       Potion            |       |     1 |       ||     1
  Eat: Chunk             |     2 |     2 |       ||     4
